 Dungeon Crawl Stone Soup version 0.28.0-53-g5a82cb258f (webtiles) character file.

Game seed: 6837754343819624623

1256 enile the Sneak (level 8, -12/111 HPs)
             Began as a Naga Fire Elementalist on May 30, 2022.
             Was an Initiate of Yredelemnul.
             Mangled by an ice beast (14 damage)
             ... on level 7 of the Dungeon.
             The game lasted 00:09:32 (7822 turns).

enile the Sneak (Naga Fire Elementalist)            Turns: 7822, Time: 00:09:33

Health: -12/111    AC: 24    Str: 10    XL:     8   Next: 51%
Magic:  21/21      EV:  1    Int: 23    God:    Yredelemnul [......]
Gold:   168        SH:  0    Dex: 13    Spells: 4/13 levels left

rFire   . . .      SeeInvis +   A - +4 quarterstaff (drain)
rCold   . . .      Faith    .   (shield currently unavailable)
rNeg    . . .      Spirit   .   (armour currently unavailable)
rPois   +          Reflect  .   (helmet currently unavailable)
rElec   .          Harm     .   (cloak currently unavailable)
rCorr   .          Rampage  .   (gloves currently unavailable)
Will    +....      NoTele   +   (no barding)
Stlth   ++........              (no amulet)
HPRegen 0.28/turn               o - +6 ring of intelligence
MPRegen 0.17/turn               y - ring of magical power

@: mighty, lit by a corona, tree-form, attractive, hasted, glowing, very quick
A: stationary, stasis, torment immunity, boosted hp, AC +2, large, see
invisible, (deformed body), (poison resistance), (slowness 2), spit poison 1,
(naga tail 1)
a: Spit Poison, Renounce Religion, Recall Undead Harvest


You were on level 7 of the Dungeon.
You worshipped Yredelemnul.
Yredelemnul was noncommittal.
You were a tree.
You visited 1 branch of the dungeon, and saw 7 of its levels.
You also visited: Sewer.

You collected 168 gold pieces.

Inventory:

Hand Weapons
 b - a +1 short sword
 n - a +2 spectral club
 r - a +2 mace of protection
 t - a +0 mace
 u - a +4 quarterstaff of chaos
 A - a +4 quarterstaff of draining (weapon)
Missiles
 p - 42 arrows
Armour
 a - a +0 robe (melded)
Jewellery
 o - a +6 ring of intelligence (left branch)
 y - a ring of magical power (right branch)
Wands
 d - a wand of mindburst (13)
 e - a wand of acid (3)
 s - a wand of digging (4)
 z - a wand of paralysis (7)
Scrolls
 j - 3 scrolls of teleportation
 k - a scroll of amnesia
 l - a scroll of immolation
 w - 4 scrolls of fog
Potions
 c - 2 potions of lignification
 g - 2 potions of brilliance


   Skills:
 - Level 5.0 Fighting
 - Level 3.0 Dodging
 - Level 6.0 Stealth
 - Level 3.0 Spellcasting
 - Level 1.0 Conjurations
 - Level 3.0 Hexes
 - Level 5.0 Fire Magic
 + Level 4.0 Evocations


You had 4 spell levels left.
You knew the following spells:

 Your Spells              Type           Power      Damage    Failure   Level
a - Foxfire               Conj/Fire      68%        2x1d7     3%          1
b - Scorch                Fire           52%        2d7       2%          2
c - Inner Flame           Hex/Fire       21%        N/A       7%          3
d - Tukima's Dance        Hex            17%        N/A       10%         3

Your spell library contained the following spells:

 Spells                   Type           Power      Damage    Failure   Level
 Slow                     Hex            68%        N/A       3%          1
 Ensorcelled Hibernation  Hex/Ice        20%        N/A       10%         2
 Confusing Touch          Hex            17%        N/A       10%         3
 Conjure Flame            Conj/Fire      17%        6-21      10%         3
 Sandblast                Erth           6%         2d5       12%         1
 Passwall                 Tmut/Erth      2%         N/A       17%         2
 Ignite Poison            Fire/Tmut/Pois 11%        N/A       19%         3
 Stone Arrow              Conj/Erth      10%        3d7       28%         3
 Flame Wave               Conj/Fire      17%        2d6       32%         4
 Sticky Flame             Conj/Fire      17%        2d4       32%         4
 Gell's Gravitas          Tloc           3%         N/A       34%         3
 Lesser Beckoning         Tloc           3%         N/A       34%         3
 Ozocubu's Armour         Ice            3%         N/A       34%         3
 Swiftness                Air            3%         N/A       34%         3
 Teleport Other           Tloc           3%         N/A       34%         3
 Vampiric Draining        Necr           3%         2d6       34%         3
 Anguish                  Hex/Necr       5%         N/A       52%         4
 Yara's Violent Unravell  Hex/Tmut       5%         3d4       86%         5
 Enfeeble                 Hex            8%         N/A       100%        7
 Ozocubu's Refrigeration  Ice            1%         4d5       100%        7


Dungeon Overview and Level Annotations

Branches:
Dungeon (7/15)             Temple (0/1) D:5           Sewer (visited)

Altars:
Kikubaaqudgha
Yredelemnul

Shops:
D:5 (

Annotations:
D:4 Robin


Innate Abilities, Weirdness & Mutations

You are a tree.
Your roots penetrate the ground, keeping you stationary.
You cannot be teleported.
You are immune to unholy pain and torment.
Your maximum health is greatly increased.
Your equipment is partially melded.
((Your serpentine skin is tough. (AC +2)))
You have supernaturally acute eyesight. (SInv)
((Armour fits poorly on your strangely shaped body.))
((Your system is resistant to poisons. (rPois)))
((You cover ground very slowly.))
You can spit poison.
((You have a snake-like lower body.))


Message History

The gnoll hits you but does no damage.
The ice beast hits you but does no damage.
The gnoll hits you but does no damage.
It was a potion of attraction.
You feel attractive to monsters.
The scorpion stings you but does no damage.
The gnoll hits you but does no damage.
The gnoll hits you from afar with a +0 halberd.
* * * LOW HITPOINT WARNING * * *
The gnoll shaman hits you but does no damage.
The gnoll shaman calls upon its god to speed up the gnoll.
The gnoll seems to speed up.
The gnoll hits you but does no damage.
It was a potion of flight.
Your roots keep you in place.
The ice beast barely misses you. The scorpion stings you.
* * * LOW HITPOINT WARNING * * *
The gnoll hits you with a +0 flail.
* * * LOW HITPOINT WARNING * * *
The gnoll hits you but does no damage. x2
Okay, then.
Casting: Scorch (safe; 2% risk of failure)
Confirm with . or Enter, or press ? or * to list all spells.
Okay, then.
Okay, then.
Aiming: Corrosive Bolt
Press: ? - help, Shift-Dir - straight line, f - gnoll
Aim: a gnoll, wielding a +0 whip (77% to hit)
The bolt of acid hits the gnoll!
The acid corrodes the gnoll!
You kill the gnoll!
The bolt of acid hits the gnoll!
The acid corrodes the gnoll!
You kill the gnoll!
The bolt of acid hits the necrophage!!
The acid corrodes the necrophage!
The necrophage is severely damaged.
The scorpion stings you but does no damage.
The gnoll shaman hits you with a +0 whip.
* * * LOW HITPOINT WARNING * * *
The ice beast hits you.
* * * LOW HITPOINT WARNING * * *
The ice beast freezes you!
You die...
Your body rises from the dead as a mindless zombie.

..# #.# ########.#
#........#######
....###......F.####
. #..n####...g
#.g)g#.. ...
#.#)Y#.#g.
#.#♣s#.#.
..#ggSg..#
####.##g### #.##<#
........# ####.####
#.# ..#


You could see a water moccasin, an ice beast, a necrophage (corroded), 2 gnoll
shamans, a scorpion and 4 gnolls.

Vanquished Creatures
  A water moccasin (D:5)
  Pargi (Sewer)
  2 necrophages (D:6)
  A centaur (D:5)
  A scorpion (D:6)
  A howler monkey (D:5)
  Crazy Yiuf (D:5)
  A gnoll shaman (D:5)
  2 centaur skeletons (D:6)
  A hound (D:5)
  2 jellies
  3 iguanas
  Ijyb (D:5)
  2 orc wizards (D:5)
  A hound zombie (D:5)
  2 spectral orcs (D:5)
  An adder (D:2)
  9 gnolls
  A river rat (D:6)
  2 shadow imps
  An adder zombie (D:5)
  A goblin zombie (D:5)
  2 spectral gnolls (D:5)
  3 dart slugs
  4 worms
  8 orcs
  9 endoplasms
  4 giant cockroaches
  10 goblins
  8 hobgoblins
  4 jackals (Sewer)
  5 quokkas
  9 ball pythons
  A ball python zombie (D:6)
  4 bats
  3 jackal zombies (Sewer)
  5 kobolds
  2 orc zombies (D:5)
  A quokka zombie (D:5)
  4 rats
  A spectral goblin (D:4)
125 creatures vanquished.

Vanquished Creatures (collateral kills)
  2 bullfrogs (D:6)
  An adder (D:5)
  An orc (D:6)
  A bat (D:1)
  2 endoplasms (D:1)
  A goblin (D:4)
  A quokka (D:5)
  A ball python (D:2)
  A rat (D:1)
11 creatures vanquished.

Vanquished Creatures (others)
  A human (D:3)
  A water moccasin zombie (D:5)
  A worm zombie (D:2)
  A spectral shadow imp (D:5)
  A ball python zombie (D:2)
  A giant cockroach zombie (D:2)
  3 gnoll zombies
  A goblin zombie (D:4)
  2 hobgoblin zombies
  An orc zombie (D:5)
  2 rat zombies (D:1)
  159 foxfires
  A fungus (D:1)
  4 plants (D:1)
179 creatures vanquished.

Grand Total: 315 creatures vanquished

Notes
Turn   | Place    | Note
-------+----------+-------------------------------------------
     0 | D:1      | enile the Naga Fire Elementalist began the quest for the
                  | Orb.
     0 | D:1      | Reached XP level 1. HP: 15/15 MP: 3/3
   469 | D:1      | Reached XP level 2. HP: 22/22 MP: 3/5
   472 | D:1      | Learned a level 2 spell: Scorch
   545 | D:1      | Found a faded altar of an unknown god.
   593 | D:1      | Prayed at the altar of an unknown god.
   593 | D:1      | Became a worshipper of Yredelemnul the Dark
   678 | D:1      | Reached * piety under Yredelemnul
  1294 | D:1      | Reached XP level 3. HP: 26/28 MP: 6/6
  1403 | D:1      | Reached ** piety under Yredelemnul
  1411 | D:1      | Learned a level 3 spell: Inner Flame
  2179 | D:2      | Reached XP level 4. HP: 26/36 MP: 2/7
  2264 | D:2      | Reached skill level 5 in Fire Magic
  2598 | D:2      | Reached skill level 1 in Fighting
  2722 | D:3      | Found an ancient bone altar of Kikubaaqudgha.
  2726 | D:3      | Noticed a human
  2727 | D:3      | Killed a human
  3373 | D:3      | Reached XP level 5. HP: 45/45 MP: 8/8
  3530 | D:4      | Noticed Robin
  3821 | D:5      | Entered Level 5 of the Dungeon
  3821 | D:5      | Noticed Ijyb
  3836 | D:5      | Killed Ijyb
  4134 | D:5      | Reached skill level 1 in Hexes
  4139 | D:5      | Your ally Ijyb died
  4362 | D:5      | Reached XP level 6. HP: 56/56 MP: 5/9
  4519 | D:5      | Found Hiteat's Weapon Shoppe.
  4558 | D:5      | Noticed a water moccasin
  4569 | D:5      | Killed a water moccasin
  4852 | D:5      | Reached skill level 4 in Stealth
  4852 | D:5      | Reached XP level 7. HP: 44/62 MP: 5/10
  5178 | D:5      | Found a staircase to the Ecumenical Temple.
  5189 | D:5      | Reached skill level 5 in Stealth
  5289 | D:5      | Reached skill level 6 in Stealth
  5611 | D:5      | Found a runed translucent door.
  5612 | D:5      | Noticed Crazy Yiuf
  6142 | D:5      | Killed Crazy Yiuf
  6221 | D:6      | Learned a level 3 spell: Tukima's Dance
  6222 | D:6      | Found a glowing drain.
  6363 | Sewer    | Entered a sewer
  6434 | Sewer    | Noticed Pargi
  6439 | Sewer    | Killed Pargi
  6565 | D:6      | Reached skill level 5 in Fighting
  6565 | D:6      | Reached XP level 8. HP: 61/74 MP: 6/11
  6741 | D:6      | Reached skill level 1 in Evocations
  7822 | D:7      | HP: 4/111 [gnoll shaman/+0 whip (6)]
  7822 | D:7      | Mangled by an ice beast

Illustrated notes

Levels and vault maps discovered:
D:1:      psy_arrival_radial01, layout_basic,
          shapermc_ecumenical_altar_hornbeckon
D:2:      layout_loops_ring
D:3:      layout_loops_cross, tgw_kikubaaqudgha, chequers_serial_rivers_micro_b
D:4:      cheibrodos_helix_gallery, layout_rooms, kennysheep_generic_room_7,
          uniq_robin
D:5:      layout_layer_cave, minmay_temple_entry_junction, serial_shops,
          nicolae_diamond_shop, grunt_ministairs_7, uniq_ijyb,
          uniq_crazy_yiuf_cottage
D:6:      layout_rooms, cheibrodos_sewer_entry_sluice,
          hangedman_abyss_or_decor_jellyfish_corner
D:7:      layout_loops_cross, hangedman_decor_points

Skill      XL: |  1  2  3  4  5  6  7  8 |
---------------+-------------------------+-----
Fire Magic     | 4 5 |  5.0
Fighting       | 2 3 5 |  5.0
Hexes          | 2 3 |  3.0
Dodging        | 3 |  3.0
Stealth        | 4 6 |  6.0
Spellcasting   | 3 |  3.0
Evocations     | 4 |  4.0
Conjurations   | |  1.0

Action                   |  1- 3 |  4- 6 |  7- 9 || total
-------------------------+-------+-------+-------++-------
Melee: Unarmed           |    10 |       |       ||    10
       Short sword       |    30 |    33 |       ||    63
       Club              |       |     4 |    30 ||    34
       Punch             |       |       |     2 ||     2
       Quarterstaff      |       |       |    23 ||    23
Throw: Boomerang         |       |     2 |       ||     2
 Cast: Foxfire           |    44 |    36 |    17 ||    97
       Scorch            |     9 |    12 |    22 ||    43
       Inner Flame       |       |     5 |     3 ||     8
 Abil: Spit Poison       |     5 |     4 |     2 ||    11
Evoke: Wand              |       |     3 |     1 ||     4
  Use: Scroll            |       |     4 |     5 ||     9
       Potion            |       |       |     7 ||     7
 Stab: Sleeping          |     1 |     8 |       ||     9
Armor: Robe              |    11 |     6 |    14 ||    31
       Skin              |       |       |    34 ||    34
Dodge: Dodged            |    28 |    38 |    47 ||   113
